 Dungeon Crawl Stone Soup version 0.29-a0-284-gf9362112df (webtiles) character file.

Game seed: 12911510189265054105

874 pokeman the Thaumaturge (level 7, -3/40 HPs)
             Began as a Deep Elf Hedge Wizard on Mar 15, 2022.
             Slain by an ufetubus (5 damage)
             ... on level 5 of the Dungeon.
             The game lasted 00:10:20 (4645 turns).

pokeman the Thaumaturge (Deep Elf Hedge Wizard)     Turns: 4645, Time: 00:10:21

Health: -3/40      AC:  2    Str:  7    XL:     7   Next: 74%
Magic:  12/21      EV: 13    Int: 27    God:
Gold:   266        SH:  0    Dex: 14    Spells: 11/23 levels left

rFire   . . .      SeeInvis .   w - +2 short sword (venom)
rCold   . . .      Faith    .   (no shield)
rNeg    . . .      Spirit   .   b - +0 robe
rPois   .          Reflect  .   r - +0 helmet
rElec   .          Harm     .   a - +0 cloak
rCorr   .          Rampage  .   u - +0 pair of gloves
Will    .....                   m - +0 pair of boots
Stlth   ++........              (no amulet)
HPRegen 0.13/turn               h - +6 ring of intelligence
MPRegen 0.17/turn               (no ring)

@: corroded
A: no striking features
a: no special abilities


You were on level 5 of the Dungeon.
You visited 1 branch of the dungeon, and saw 5 of its levels.

You collected 266 gold pieces.

Inventory:

Hand Weapons
 n - a +1 hunting sling of flaming
 w - a +2 short sword of venom (weapon)
Armour
 a - a +0 cloak (worn)
 b - a +0 robe (worn)
 l - a +0 buckler
 m - a +0 pair of boots (worn)
 r - a +0 helmet (worn)
 u - a +0 pair of gloves (worn)
Jewellery
 h - a +6 ring of intelligence (left hand)
Scrolls
 c - 2 scrolls of immolation {unknown}
 e - 3 scrolls of identify {unknown}
 f - a scroll of torment {unknown}
 p - 4 scrolls of enchant armour {unknown}
 q - a scroll of noise {unknown}
 s - a scroll of fear {unknown}
 t - a scroll of silence {unknown}
 v - a scroll of vulnerability {unknown}
 x - a scroll of fog {unknown}
 y - 4 scrolls of blinking {unknown}
Potions
 d - a potion of magic
 g - a potion of heal wounds {unknown}
 i - 2 potions of cancellation {unknown}
 j - 2 potions of brilliance {unknown}
 k - 2 potions of curing {unknown}
 o - 2 potions of mutation {unknown}
 z - a potion of haste {unknown}
 A - a potion of flight {unknown}


   Skills:
 - Level 2.0 Fighting
 + Level 1.2 Armour
 - Level 3.1 Dodging
 - Level 3.0 Stealth
 - Level 1.0 Shields
 * Level 8.5 Spellcasting
 + Level 4.3 Conjurations
 - Level 1.2 Hexes
 - Level 1.1 Summonings
 - Level 1.1 Translocations
 + Level 2.1 Fire Magic
 - Level 1.1 Air Magic
 - Level 1.3 Poison Magic


You had 11 spell levels left.
You knew the following spells:

 Your Spells              Type           Power      Damage    Failure   Level
a - Magic Dart            Conj           100%       1d8       1%          1
b - Mephitic Cloud        Conj/Pois/Air  23%        N/A       6%          3
c - Call Imp              Summ           17%        N/A       4%          2
d - Blink                 Tloc           34%        N/A       4%          2
e - Conjure Flame         Conj/Fire      29%        6-21      4%          3
f - Slow                  Hex            72%        N/A       3%          1

Your spell library contained the following spells:

 Spells                   Type           Power      Damage    Failure   Level


Dungeon Overview and Level Annotations

Branches:
Dungeon (5/15)
 Temple: D:4-7

Altars:
Ashenzari
Ru

Shops:
D:2 *


Message History

Unknown command.
You hit the jelly.
Your hands burn!
You punch the jelly.
The jelly is moderately wounded.
Your iron imp closely misses the orc.
The orc closely misses your iron imp. The jelly hits you but does no damage.
Unknown command.
Unknown command.
You barely miss the jelly.
The jelly is moderately wounded.
Your iron imp hits the orc!
The orc dies!
The jelly closely misses you. Something bites your iron imp.
Your iron imp is poisoned.
Something poisons your iron imp!
Unknown command.
Casting: Call Imp (safe; 4% risk of failure)
Confirm with . or Enter, or press ? or * to list all spells.
Aiming: Magic Dart (safe; 1% risk of failure)
Press: ? - help, Shift-Dir - straight line, f - jelly
Aim: a jelly (moderately wounded, ally target, 100% to hit)
The magic dart hits the jelly!
The jelly is heavily wounded.
Something barely misses your iron imp. The jelly hits you.
The acid corrodes you!
You are splashed with acid!
* * * LOW HITPOINT WARNING * * *
Your iron imp hits the scorpion.
Something bites your iron imp. The scorpion stings your iron imp.
Your iron imp dies!
Your iron imp disappears in a puff of smoke!
An ufetubus comes into view.
The ufetubus shouts!
The ufetubus moves out of view.
The jelly attacks as you move away! The jelly barely misses you.
The ufetubus hits you.
* * * LOW HITPOINT WARNING * * *
The ufetubus hits you but does no damage.
The ufetubus attacks as you move away! The ufetubus closely misses you.
The ufetubus hits you but does no damage.
The ufetubus hits you.
You die...

###.#. ...... ###....#
.'..... #....# +.....
#....#### +...5J..#
.### #...@##s# .....
#######.#....###.####
#s#....#.......
#.#....##......
#o#.....'......
#o......#......
#o).....#..$... .
#.......#......
#.######.#.###........


You could see a jelly and an ufetubus.

Vanquished Creatures
  A black bear (D:4)
  3 ogres (D:4)
  A centaur (D:5)
  2 phantoms (D:4)
  A howler monkey (D:5)
  3 hounds
  3 iguanas
  Robin (D:2)
  2 adders
  A shadow imp (D:5)
  A worm (D:2)
  A dart slug (D:1)
  2 orcs (D:3)
  6 ball pythons
  4 endoplasms
  12 goblins
  6 hobgoblins
  6 kobolds
  3 quokkas
  2 bats
  2 frilled lizards
  6 rats
69 creatures vanquished.

Vanquished Creatures (collateral kills)
  An orc (D:5)
1 creature vanquished.

Grand Total: 70 creatures vanquished

Notes
Turn   | Place    | Note
-------+----------+-------------------------------------------
     0 | D:1      | pokeman the Deep Elf Hedge Wizard began the quest for the
                  | Orb.
     0 | D:1      | Reached XP level 1. HP: 10/10 MP: 7/7
    57 | D:1      | Found a faded altar of an unknown god.
   376 | D:1      | Reached XP level 2. HP: 15/15 MP: 5/9
  1139 | D:2      | Noticed Robin
  1445 | D:2      | Reached skill level 5 in Spellcasting
  1551 | D:2      | Reached XP level 3. HP: 20/20 MP: 8/11
  1555 | D:2      | Learned a level 3 spell: Mephitic Cloud
  1558 | D:2      | Learned a level 2 spell: Blink
  1560 | D:2      | Learned a level 1 spell: Slow
  1563 | D:2      | Learned a level 2 spell: Call Imp
  1567 | D:2      | Learned a level 3 spell: Conjure Flame
  1590 | D:2      | Killed Robin
  1709 | D:2      | Found Fuimyddo's Assorted Antiques.
  2036 | D:3      | Reached skill level 1 in Fighting
  2065 | D:3      | Reached skill level 1 in Armour
  2324 | D:3      | Found a sacrificial altar of Ru.
  2426 | D:3      | Found a broken altar of Ashenzari.
  2643 | D:3      | Reached XP level 4. HP: 25/25 MP: 11/13
  3171 | D:4      | Noticed a black bear
  3178 | D:4      | Killed a black bear
  3179 | D:4      | Reached skill level 1 in Shields
  3179 | D:4      | Reached skill level 6 in Spellcasting
  3179 | D:4      | Reached XP level 5. HP: 28/29 MP: 10/15
  3285 | D:4      | Noticed an ogre
  3291 | D:4      | Noticed a phantom
  3312 | D:4      | Killed a phantom
  3313 | D:4      | Reached skill level 1 in Hexes
  3313 | D:4      | Reached skill level 1 in Fire Magic
  3369 | D:4      | Killed an ogre
  3370 | D:4      | Reached XP level 6. HP: 34/34 MP: 6/17
  3596 | D:4      | Reached skill level 7 in Spellcasting
  3596 | D:4      | Reached skill level 1 in Air Magic
  3596 | D:4      | Reached skill level 1 in Poison Magic
  3812 | D:4      | Reached XP level 7. HP: 31/38 MP: 12/20
  4206 | D:4      | Reached skill level 8 in Spellcasting
  4353 | D:5      | Entered Level 5 of the Dungeon
  4644 | D:5      | HP: 2/40 [ufetubus (5)]
  4645 | D:5      | Slain by an ufetubus

Illustrated notes

Levels and vault maps discovered:
D:1:      dpeg_arrival_leaves_temple_mockup, layout_basic,
          dreamdust_ecumenical_altar_angels_and_demons, st_stairs_5,
          hangedman_abyss_or_decor_stabs
D:2:      layout_rooms, serial_shops, nicolae_square_shop, uniq_robin
D:3:      layout_basic, mainiacjoe_overflow_cross_hatched,
          nicolae_ru_awakened_eye
D:4:      layout_basic, minmay_misc_feat_more_columns, minmay_between
D:5:      layout_basic, nicolae_qazlal_eye_of_the_storm

Skill      XL: |  1  2  3  4  5  6  7 |
---------------+----------------------+-----
Spellcasting   | 5 6 7 8 |  8.5
Fighting       | 1 2 |  2.0
Armour         | 1 |  1.2
Conjurations   | 2 3 4 |  4.3
Dodging        | 3 |  3.1
Shields        | 1 |  1.0
Hexes          | 1 |  1.2
Fire Magic     | 1 2 |  2.1
Air Magic      | 1 |  1.1
Poison Magic   | 1 |  1.3
Stealth        | 3 |  3.0
Summonings     | |  1.1
Translocations | |  1.1

Action                   |  1- 3 |  4- 6 |  7- 9 || total
-------------------------+-------+-------+-------++-------
Melee: Mace              |     8 |       |       ||     8
       Short sword       |     7 |     2 |    14 ||    23
       Punch             |       |       |     1 ||     1
 Fire: Hunting sling     |       |    14 |       ||    14
 Cast: Magic Dart        |    94 |    45 |    46 ||   185
       Mephitic Cloud    |     1 |     3 |     2 ||     6
       Conjure Flame     |       |     5 |     1 ||     6
       Call Imp          |       |       |     3 ||     3
       Blink             |       |       |     1 ||     1
 Stab: Confused          |     1 |       |     1 ||     2
Armor: Robe              |     2 |     4 |    17 ||    23
Dodge: Dodged            |    22 |     4 |    34 ||    60

Table legend: (Time is in decaauts)
 A = Elapsed time spent in this place.
 B = Non-inter-level travel time spent in this place.
 C = Inter-level travel time spent in this place.
 D = Time resting spent in this place.
 E = Time spent auto-exploring this place.
 F = Levels seen in this place.
 G = Mean time per level.
                   A        B        C        D        E       F      G
               +--------+--------+--------+--------+--------+-----+--------+
         Total |   4654 |   4337 |    317 |     78 |   3653 |   5 |  930.8 |
       Dungeon |   4654 |   4337 |    317 |     78 |   3653 |   5 |  930.8 |
               +--------+--------+--------+--------+--------+-----+--------+

Top non-repeatable levels by time:
     D:1: 1342 daAuts
     D:4: 1232 daAuts
     D:3: 1100 daAuts
     D:2: 684 daAuts
     D:5: 293 daAuts
